 Dungeon Crawl Stone Soup version 0.29-a0-555-g3b24f45cc1 (webtiles) character file.

Game seed: 5723390632489171974

45 Hubjo the Insei (level 3, -4/24 HPs)
             Began as a Demonspawn Transmuter on June 7, 2022.
             Was a Follower of Hepliaklqana.
             Slain by a goblin
             ... wielding a +0 dagger
             ... led by Robin
              (6 damage)
             ... on level 2 of the Dungeon.
             The game lasted 00:01:43 (1854 turns).

Hubjo the Insei (Demonspawn Transmuter)             Turns: 1854, Time: 00:01:46

Health: -4/24      AC:  2    Str: 10    XL:     3   Next: 42%
Magic:  5/6        EV: 12    Int: 14    God:    Hepliaklqana [*.....]
Gold:   91         SH:  4    Dex: 15    Spells: 5/6 levels left

rFire   . . .      SeeInvis .     - Unarmed
rCold   . . .      Faith    .   (no shield)
rNeg    . . .      Spirit   .   a - +0 robe
rPois   .          Reflect  .   (helmet currently unavailable)
rElec   .          Harm     .   (no cloak)
rCorr   .          Rampage  .   (no gloves)
Will    .....                   (boots currently unavailable)
Stlth   ++........              (no amulet)
HPRegen 0.08/turn               (no ring)
MPRegen 0.10/turn               (no ring)

@: appendages (expiring)
A: horns 2, talons 2, reduced essence, condensation shield
a: End Transformation, Renounce Religion, Recall Ancestor, Ancestor Identity


You were on level 2 of the Dungeon.
You worshipped Hepliaklqana.
Hepliaklqana was aware of your devotion.
You had temporarily grown beastly horns and talons.
You visited 1 branch of the dungeon, and saw 2 of its levels.

You collected 91 gold pieces.

Inventory:

Armour
 a - a +0 robe (worn)
Scrolls
 e - a scroll of enchant weapon {unknown}
 g - a scroll of identify {unknown}
 h - a scroll of blinking {unknown}
 i - a scroll of teleportation {unknown}
Potions
 b - a potion of lignification
 c - a potion of brilliance {unknown}
 d - a potion of degeneration {unknown}
 f - 2 potions of resistance {unknown}
 j - a potion of heal wounds {unknown}
 k - a potion of flight {unknown}
 l - 2 potions of curing {unknown}


   Skills:
 + Level 2.0 Fighting
 - Level 1.7 Dodging
 + Level 1.0 Stealth
 + Level 3.0 Unarmed Combat
 + Level 2.2 Spellcasting
 * Level 2.2 Transmutations


You had 5 spell levels left.
You knew the following spells:

 Your Spells              Type           Power      Damage    Failure   Level
a - Beastly Appendage     Tmut           14%        N/A       10%         1

Your spell library contained the following spells:

 Spells                   Type           Power      Damage    Failure   Level
 Wereblood                Tmut           7%         N/A       14%         2
 Spider Form              Tmut/Pois      4%         N/A       41%         3
 Ice Form                 Ice/Tmut       4%         N/A       82%         4


Dungeon Overview and Level Annotations

Branches:
Dungeon (2/15)

Altars:
Hepliaklqana

Annotations:
D:2 Robin


Innate Abilities, Weirdness & Mutations

You have temporarily grown beastly horns and talons.
Your life essence is reduced to manifest your ancestor. (-10% HP)
A meltable shield of frost defends you. (SH +4)


Message History

Hubquo hits the hobgoblin.
The goblin hits Hubquo but does no damage.
The hobgoblin hits Hubquo.
Hubquo is destroyed!
Robin throws the goblin at you! The goblin hits you with a +0 club.
Robin throws the goblin at you! The goblin attacks as you move away!
The goblin closely misses you.
You hit the goblin.
You kill the goblin!
You closely miss the goblin.
You headbutt the goblin, but do no damage.
The goblin barely misses you. Robin throws the goblin at you!
You miss the goblin. You claw the goblin, but do no damage.
Your headbutt misses the goblin. The goblin misses you.
The goblin hits you with a +0 club.
Robin roars a battlecry!
You hit the goblin.
You kill the goblin!
The goblin hits you with a +0 club. Robin throws the goblin at you!
The goblin closely misses you.
You closely miss the goblin. Your kick misses the goblin.
Your horns disappear.
Your talons disappear.
The goblin hits you with a +0 club. The goblin hits you with a +0 dagger.
You hit the goblin.
You kill the goblin!
The goblin hits you with a +0 club.
Your Stealth skill increases to level 1!
Casting: Beastly Appendage (safe; 10% risk of failure)
Confirm with . or Enter, or press ? or * to list all spells.
You grow a pair of large bovine horns.
Your feet morph into talons.
Your transformation is almost over.
The goblin hits you with a +0 club.
* * * LOW HITPOINT WARNING * * *
You completely miss the goblin. Your kick misses the goblin.
The goblin hits you with a +0 club.
* * * LOW HITPOINT WARNING * * *
Robin throws the goblin at you!
* * * LOW HITPOINT WARNING * * *
The goblin hits you with a +0 dagger.
You die...

#.# .. ...
.#.####.#######
.......g.gggg.g
#....g).g.gggg #.####†##
########## #.#..(.)..#
#........)
......<..g####.########
........ggg@g.........##
#........g####.######..#
########+#####.# ##.# .
#.......# #.## . ##
........#######..# . <#
.........)...###.###. .#
.............# #..... .#
.######......# #..... ##
#.)....# #.....


You could see Robin, 3 hobgoblins and 2 goblins.

Vanquished Creatures
  2 dart slugs (D:1)
  4 ball pythons (D:1)
  3 endoplasms (D:2)
  A giant cockroach (D:1)
  7 goblins
  4 hobgoblins
  2 kobolds (D:1)
  3 quokkas
  2 bats
  6 rats
34 creatures vanquished.

Vanquished Creatures (collateral kills)
  A goblin (D:2)
  A kobold (D:2)
2 creatures vanquished.

Vanquished Creatures (others)
  An ancestor (D:2)
1 creature vanquished.

Grand Total: 37 creatures vanquished

Notes
Turn   | Place    | Note
-------+----------+-------------------------------------------
     0 | D:1      | Hubjo the Demonspawn Transmuter began the quest for the
                  | Orb.
     0 | D:1      | Reached XP level 1. HP: 15/15 MP: 3/3
   351 | D:1      | Gained mutation: A meltable shield of frost defends you.
                  | (SH +4) [demonic ancestry]
   351 | D:1      | Reached XP level 2. HP: 20/21 MP: 3/5
  1187 | D:1      | Found a faded altar of an unknown god.
  1192 | D:1      | Prayed at the altar of an unknown god.
  1192 | D:1      | Became a worshipper of Hepliaklqana the Forgotten
  1192 | D:1      | Reached * piety under Hepliaklqana
  1285 | D:1      | Reached XP level 3. HP: 24/24 MP: 4/6
  1834 | D:2      | Noticed Robin
  1835 | D:2      | Reached skill level 3 in Unarmed Combat
  1853 | D:2      | Reached skill level 1 in Stealth
  1854 | D:2      | Slain by a goblin

Illustrated notes

Levels and vault maps discovered:
D:1:      dpeg_arrival_simpleton_a, layout_basic,
          chequers_ecumenical_altar_lobes
D:2:      layout_basic, uniq_robin

Skill      XL: |  1  2  3 |
---------------+----------+-----
Transmutations | 2 |  2.2
Fighting       | 2 |  2.0
Unarmed Combat | 3 |  3.0
Stealth        | 1 |  1.0
Dodging        | |  1.7
Spellcasting   | |  2.2

Action                   || total
-------------------------++-------
Melee: Unarmed           ||    78
       Kick              ||    24
       Punch             ||     5
       Headbutt          ||     1
 Cast: Beastly Appendage ||    23
Invok: Ancestor Identity ||     1
 Stab: Sleeping          ||     1
Armor: Robe              ||    12
Dodge: Dodged            ||    35
Block: Other             ||     3

Table legend: (Time is in decaauts)
 A = Elapsed time spent in this place.
 B = Non-inter-level travel time spent in this place.
 C = Inter-level travel time spent in this place.
 D = Time resting spent in this place.
 E = Time spent auto-exploring this place.
 F = Levels seen in this place.
 G = Mean time per level.
                   A        B        C        D        E       F      G
               +--------+--------+--------+--------+--------+-----+--------+
         Total |   1849 |   1827 |     22 |      0 |   1569 |   2 |  924.5 |
       Dungeon |   1849 |   1827 |     22 |      0 |   1569 |   2 |  924.5 |
               +--------+--------+--------+--------+--------+-----+--------+

Top non-repeatable levels by time:
     D:1: 1353 daAuts
     D:2: 496 daAuts
